 Dungeon Crawl Stone Soup version 0.28.0-43-g3370ac3207 (webtiles) character file.

Game seed: 11014896254451279377

308874 pkoi the Black Belt (level 19, -10/166 HPs)
             Began as a Demigod Air Elementalist on Mar 30, 2022.
             Killed from afar by a deep elf sorcerer (56 damage)
             ... with a bolt of acid
             ... on level 3 of the Vaults on Mar 31, 2022.
             The game lasted 02:44:55 (75946 turns).

pkoi the Black Belt (Demigod Air Elementalist)     Turns: 75946, Time: 02:44:56

Health: -10/166    AC: 18    Str: 13    XL:     19   Next: 57%
Magic:  41/48      EV: 30    Int: 37    God:
Gold:   1455       SH:  0    Dex: 14    Spells: 8/40 levels left

rFire   . . .      SeeInvis .     - Unarmed
rCold   . . .      Faith    .   (shield currently unavailable)
rNeg    + . .      Spirit   .   (armour currently unavailable)
rPois   ∞          Reflect  .   (helmet currently unavailable)
rElec   +          Harm     .   (cloak currently unavailable)
rCorr   .          Rampage  .   (gloves currently unavailable)
Will    ++...                   (boots currently unavailable)
Stlth   +++.......              V - macabre finger necklace {rN+}
HPRegen 0.37/turn               G - ring of magical power
MPRegen 0.31/turn               b - ring of wizardry
                                a - ring of willpower

@: storm-form, flying
A: cleaving, flying, high MP 1, forlorn, divine attributes
}: 2/15 runes: decaying, serpentine
a: Blinkbolt, End Transformation


You were on level 3 of the Vaults.
You were a lightning-filled tempest!
You visited 8 branches of the dungeon, and saw 36 of its levels.
You also visited: Ossuary.

You collected 3709 gold pieces.
You spent 2254 gold pieces at shops.

Inventory:

Hand Weapons
 m - a +3 dagger of venom
 A - the +6 rapier of Theory {drain, rC++ rN+ Str+2}
   (You took it off a meliai on level 9 of the Dungeon)

   A truly terrible weapon, it drains the life of any living foe it strikes.
   Str:       It affects your strength (+2).
   rC:        It greatly protects you from cold.
   rN:        It protects you from negative energy.
 C - the +9 quarterstaff of Ru's Regard (melded) {vorpal, rC+ Int+6}
   (You bought it in a shop on level 3 of the Dungeon)

   It inflicts extra damage upon your enemies.
   Int:       It affects your intelligence (+6).
   rC:        It protects you from cold.
Missiles
 B - 3 throwing nets
Armour
 g - a +2 pair of gloves (melded)
 s - the +2 robe "Veudett" (melded) {Contam Will+ Regen+ Archmagi}
   (You bought it in a shop on level 9 of the Dungeon)

   Contam:    It causes magical contamination when unequipped.
   Regen:     It increases your rate of health regeneration.
   Archmagi:  It increases the power of your magical spells.
   Will:      It increases your willpower.
 u - a +2 helmet of see invisible (melded)
 x - a +2 pair of boots of flying (melded)
 Q - a +1 cloak of poison resistance (melded)
Jewellery
 a - a ring of willpower (on amulet)
 b - a ring of wizardry (right fist)
 l - a ring of poison resistance
 E - a ring of resist corrosion
 G - a ring of magical power (left fist)
 T - a ring of protection from cold
 U - a ring of positive energy
 V - the macabre finger necklace (around neck) {rN+}
   (You found it on level 3 of the Vaults)

   [amulet of nothing]

   It enables you to equip an extra ring.
   rN:        It protects you from negative energy.
Wands
 j - a wand of digging (15)
 v - a wand of iceblast (25)
 y - a wand of charming (11)
 z - a wand of paralysis (2)
 F - a wand of flame (26)
Scrolls
 c - 4 scrolls of amnesia
 d - 5 scrolls of holy word
 f - 5 scrolls of enchant weapon
 n - 4 scrolls of magic mapping
 p - 3 scrolls of fog
 t - 12 scrolls of teleportation
 D - a scroll of summoning
 H - 11 scrolls of identify
 I - 6 scrolls of blinking
 J - 3 scrolls of enchant armour
 L - a scroll of silence
 N - 3 scrolls of fear
 R - a scroll of acquirement
 S - a scroll of brand weapon
Potions
 e - a potion of resistance
 h - 5 potions of heal wounds
 k - 4 potions of flight
 o - 6 potions of brilliance
 q - 6 potions of might
 r - 10 potions of curing
 w - 4 potions of invisibility
 K - a potion of cancellation
 M - 2 potions of berserk rage
Miscellaneous
 i - a phantom mirror


   Skills:
 + Level 13.9 Fighting
 + Level 13.7 Dodging
 - Level 6.0 Stealth
 + Level 16.0 Unarmed Combat
 + Level 11.1 Spellcasting
 + Level 6.8 Conjurations
 - Level 4.0 Hexes
 - Level 7.0 Summonings
 - Level 7.0 Translocations
 - Level 11.9 Transmutations
 + Level 14.7 Air Magic
 - Level 6.0 Evocations


You had 8 spell levels left.
You knew the following spells:

 Your Spells              Type           Power      Damage    Failure   Level
a - Shock                 Conj/Air       100%       1d9       0%          1
b - Static Discharge      Conj/Air       79%        N/A       1%          2
c - Airstrike             Air            46%        N/A       1%          4
d - Call Canine Familiar  Summ           64%        N/A       1%          3
e - Summon Guardian Gole  Hex/Summ       57%        N/A       1%          3
f - Swiftness             Air            92%        N/A       0%          3
g - Summon Lightning Spi  Summ/Air       79%        N/A       1%          4
h - Storm Form            Tmut/Air       44%        N/A       2%          7
i - Summon Forest         Summ/Tloc      32%        N/A       1%          5

Your spell library contained the following spells:

 Spells                   Type           Power      Damage    Failure   Level
 Beastly Appendage        Tmut           100%       N/A       0%          1
 Wereblood                Tmut           83%        N/A       0%          2
 Sandblast                Erth           40%        2d10      1%          1
 Summon Small Mammal      Summ           100%       N/A       1%          1
 Corpse Rot               Necr/Air       100%       N/A       1%          2
 Confusing Touch          Hex            50%        N/A       1%          3
 Spider Form              Tmut/Pois      60%        N/A       1%          3
 Alistair's Intoxication  Tmut/Pois      40%        N/A       1%          5
 Iskenderun's Battlesphe  Conj           64%        2d11      1%          5
 Conjure Ball Lightning   Conj/Air       39%        3x3d13    1%          6
 Leda's Liquefaction      Hex/Erth       17%        N/A       3%          4
 Fireball                 Conj/Fire      23%        3d11      5%          5
 Dispersal                Tloc           32%        N/A       7%          6
 Animate Dead             Necr           10%        N/A       8%          4
 Metabolic Englaciation   Hex/Ice        17%        N/A       10%         5
 Eringya's Noxious Bog    Tmut/Pois      30%        N/A       11%         6
 Statue Form              Tmut/Erth      40%        N/A       11%         6
 Maxwell's Capacitive Co  Air            46%        ∞         12%         8
 Borgnjor's Vile Clutch   Necr/Erth      10%        N/A       21%         5
 Lee's Rapid Deconstruct  Erth           10%        3d9*      21%         5
 Starburst                Conj/Fire      23%        6d8       28%         6
 Summon Hydra             Summ           32%        N/A       34%         7
 Orb of Destruction       Conj           32%        9d10      36%         7
 Death Channel            Necr           10%        N/A       71%         6
 Disjunction              Tloc           32%        N/A       94%         8
 Chain Lightning          Conj/Air       39%        3d52      100%        9
 Fire Storm               Conj/Fire      23%        8d6       100%        9
 Shatter                  Erth           10%        3d11*     100%        9


Dungeon Overview and Level Annotations

Branches:
Dungeon (15/15)            Temple (1/1) D:5            Lair (6/6) D:8
  Swamp (4/4) Lair:4        Snake (4/4) Lair:3        Slime (0/5) Lair:5
    Orc (2/2) D:11            Elf (1/3) Orc:2        Vaults (3/5) D:13
  Crypt (0/3) Vaults:2     Depths (0/4) D:15        Ossuary (visited)

Shops:
D:3 (   D:6 (   D:9 [   Orc:1 (   Orc:2 :([*   Snake:1 [   Snake:4 [?(

Portals:
Trove: D:15 (give 6 potions of haste)

Annotations:
D:9 3 runed translucent doors
D:15 Roxanne
Lair:1 exclusion: door
Lair:5 1 runed translucent door
Lair:6 1 runed translucent door
Snake:2 Vashnia


Innate Abilities, Weirdness & Mutations

You are a lightning-filled tempest!
Your electrical attacks strike out in all directions at once.
You are incredibly evasive.
You are flying.
You are immune to poison.
Your armour is entirely melded.
You are incapable of wielding weapons or throwing items.
You have an increased reservoir of magic. (+10% MP)
You shall have no god before yourself.
Your divine heritage dramatically boosts your attributes as you level up.


Message History

The ironbound convoker begins to recite a word of recall!
An ironbound convoker comes into view. It is wielding a +0 dire flail.
You buffet the ironbound convoker!
Lightning courses through the ironbound convoker!
The ironbound convoker is moderately wounded.
You blast the ironbound convoker!!!
You kill the ironbound convoker!
The deep elf sorcerer gestures at you while chanting.
The bolt of acid misses you.
You buffet the deep elf sorcerer!
The deep elf sorcerer is lightly wounded.
The deep elf sorcerer hits you but does no damage.
You closely miss the deep elf sorcerer.
The deep elf sorcerer is lightly wounded.
The deep elf sorcerer completely misses you.
You barely miss the deep elf sorcerer.
You punch the deep elf sorcerer, but do no damage.
The deep elf sorcerer is lightly wounded.
The deep elf sorcerer misses you.
You closely miss the deep elf sorcerer.
The deep elf sorcerer is lightly wounded.
The deep elf sorcerer barely misses you.
You batter the deep elf sorcerer!!
The deep elf sorcerer is moderately wounded.
The deep elf sorcerer completely misses you.
You buffet the deep elf sorcerer!
The deep elf sorcerer is heavily wounded.
You batter the ironbound convoker!!
Your transformation is almost over.
You hear a shout!
The deep elf sorcerer closely misses you.
The deep elf sorcerer completely misses you.
The ironbound convoker hits you with a +0 morningstar!!
* * * LOW HITPOINT WARNING * * *
Casting: Summon Lightning Spire (safe; 1% risk of failure)
Confirm with . or Enter, or press ? or * to list all spells.
You extend your transformation's duration.
The deep elf sorcerer points at you and mumbles some strange words.
The bolt of acid hits you!!!
You die...

#..#........'..#
#..#..8.....'..#####.
#..#........#..#.....
#..#........#..'.....
##########..##########..'.....
#........#..............#.....
#........#..............###...
#........#.......p......# #..
#........'......vep.....# ..T
#........##########p##### pp
#........# ##.#.##


p.p ##'######## ##....^## .p.. #...###...# #.....).# e...# #...#.#...#
##....p##....# #..'#'#'..# #.....)p)....# ####...#### ##(...^####### #.'.<.#.#
##.#.## You could see an ironbound preserver (strong), a deep elf sorcerer
(fast) and 2 ironbound convokers.

Vanquished Creatures
  the Lernaean hydra (Swamp:4)
  Nikola (Snake:1)
  Rupert (Lair:4)
  Jorgrun (Swamp:3)
  A titan (Vaults:2)
  A sphinx (Vaults:2)
  Agnes (Snake:4)
  An ancient champion (Vaults:2)
  11 nagarajas (Snake:4)
  2 fenstrider witches
  A thorn hunter (Swamp:4)
  A fire giant (Vaults:3)
  Louise (Snake:1)
  7 vault wardens
  Aizul (Snake:1)
  9 ironbound preservers
  A stone giant (Vaults:1)
  A ghoul (Swamp:3)
  4 very ugly things
  2 ironbound thunderhulks (Vaults:1)
  3 eleionomae
  Azrael (Lair:3)
  A deep elf demonologist (Vaults:1)
  5 bunyips
  A deep elf annihilator (Vaults:1)
  10 dire elephants
  Snorg (Orc:2)
  2 ettins
  5 yaktaur captains
  8 naga warriors
  22 hydras
  6 boulder beetles
  2 great orbs of eyes
  Harold (D:9)
  4 salamander tyrants
  4 vault guards
  A rakshasa (D:15)
  A catoblepas (D:14)
  3 ironbound frosthearts
  2 ogre magi
  A ghost crab (Swamp:4)
  9 anacondas
  12 two-headed ogres
  12 centaur warriors
  The ghost of Bearnado the Cleaver, a novice MiBe of Trog (D:8)
  2 tengu warriors
  A death yak (Lair:6)
  A dancing weapon (Elf:1)
  9 alligators
  13 naga sharpshooters
  A shock serpent (shapeshifter) (D:15)
  An orc high priest (Orc:2)
  5 shock serpents
  A soul eater (Vaults:2)
  11 skeletal warriors
  8 salamander mystics
  5 goliath frogs
  A death drake (Swamp:4)
  16 deep trolls
  3 spriggan druids
  3 lindwurms
  A flayed ghost (D:14)
  Pikel (D:5)
  5 bog bodies
  3 naga ritualists
  11 ironbound convokers
  A glowing orange brain (D:15)
  9 swamp dragons
  5 wizards
  2 necromancers
  5 deep elf pyromancers
  A deep elf zephyrmancer (Elf:1)
  3 orc knights
  A frost giant zombie (Vaults:2)
  7 mana vipers
  32 ugly things
  3 orc sorcerers (Orc:2)
  A human zombie (Vaults:2)
  9 cyclopes
  A stone giant zombie (Vaults:3)
  5 manticores
  14 salamanders
  An elephant (D:8)
  10 vault sentinels
  8 naga magi
  35 black mambas
  5 guardian serpents
  6 torpor snails (Lair:6)
  2 molten gargoyles (Lair:3)
  Maggie (D:9)
  7 gargoyles
  12 cane toads
  Psyche (D:8)
  An unseen horror (D:11)
  6 rime drakes
  8 yaktaurs (Vaults:1)
  2 kobold demonologists (D:12)
  3 tengu conjurers
  A yaktaur (shapeshifter) (D:7)
  A freezing wraith (D:9)
  6 komodo dragons
  A komodo dragon (shapeshifter) (D:13)
  An elf skeleton (Vaults:2)
  5 trolls
  2 polar bears
  3 bloated husks
  A meliai (D:9)
  15 hornets
  A polar bear (shapeshifter) (D:13)
  10 tyrant leeches
  2 ettin zombies (Vaults:3)
  17 slime creatures
  6 blink frogs
  A shadow (D:12)
  7 spriggans
  31 yaks
  Sigmund (D:5)
  6 basilisks
  3 wraiths
  5 wyverns
  8 fire elementals
  A hog (shapeshifter) (D:13)
  14 vampire mosquitoes
  4 steam dragons
  21 nagas
  Menkaure (Ossuary)
  A two-headed ogre zombie (D:11)
  4 acid dragons
  2 wargs (Orc:2)
  17 swamp worms
  15 water moccasins
  10 swamp drakes
  A black bear (shapeshifter) (D:9)
  2 black bears
  An ice beast (D:7)
  A sky beast (D:6)
  A necrophage (D:5)
  13 ogres
  27 orc warriors
  14 wolves
  4 boggarts (Vaults:1)
  11 centaurs
  An elf simulacrum (Vaults:2)
  3 phantoms
  A kobold brigand (D:11)
  7 bullfrogs
  A wyvern zombie (D:5)
  3 human skeletons
  2 gnoll sergeants
  A water moccasin zombie (D:6)
  2 scorpions
  2 troll zombies (D:11)
  6 killer bees (D:9)
  A water moccasin skeleton (D:5)
  A howler monkey (D:9)
  5 wights (D:7)
  3 electric eels
  A centaur zombie (D:10)
  2 bullfrog zombies (D:5)
  4 lava snakes (Lair:3)
  2 hounds (D:5)
  3 jellies
  14 orc priests
  10 iguanas
  Terence (D:2)
  27 orc wizards
  3 ogre zombies (D:11)
  3 mummies (Ossuary)
  A howler monkey zombie (D:7)
  12 gnolls
  A howler monkey skeleton (D:7)
  6 adders
  2 shadow imps
  2 white imps
  2 ufetubi
  A worm (D:4)
  63 orcs
  5 ball pythons
  5 bats
  5 endoplasms
  8 giant cockroaches
  5 goblins
  4 hobgoblins
  2 jackals (D:3)
  7 quokkas
  10 frilled lizards
  7 gnoll skeletons (Ossuary)
  4 gnoll zombies (Ossuary)
  3 goblin skeletons (Ossuary)
  5 goblin zombies
  4 hobgoblin skeletons (Ossuary)
  7 hobgoblin zombies
  10 kobolds
  3 kobold skeletons (Ossuary)
  6 kobold zombies (Ossuary)
  6 orc skeletons
  19 orc zombies
  4 rats
  4 rat skeletons (Ossuary)
  3 rat zombies (Ossuary)
  A fire vortex (Lair:3)
1111 creatures vanquished.

Vanquished Creatures (collateral kills)
  Saint Roka (Orc:2)
  Asterion (Snake:2)
  6 nagarajas (Snake:4)
  2 ironbound preservers
  2 ghouls (Swamp:3)
  An ironbound thunderhulk (Vaults:1)
  2 dire elephants
  A deep elf high priest (Vaults:1)
  A shambling mangrove (Swamp:4)
  A vault guard (D:13)
  3 hydras
  2 boulder beetles
  3 naga warriors (Snake:4)
  An ogre mage (D:15)
  3 alligators (Swamp:2)
  A centaur warrior (D:9)
  2 death yaks (Lair:5)
  5 naga sharpshooters
  A shock serpent (Snake:1)
  Nergalle (Lair:2)
  2 spriggans
  A salamander mystic (Snake:3)
  3 naga ritualists (Snake:4)
  2 bog bodies (Swamp:3)
  5 deep trolls
  A goliath frog (Swamp:2)
  An ironbound convoker (Vaults:1)
  A swamp dragon (Swamp:4)
  A glowing orange brain (Vaults:2)
  A wizard (Vaults:2)
  A lindwurm (Lair:6)
  A necromancer (Vaults:2)
  A mana viper (Snake:2)
  An orc knight (Orc:2)
  An orc sorcerer (Orc:1)
  5 ugly things
  A manticore (D:13)
  4 salamanders
  3 vault sentinels
  A cyclops (D:13)
  A guardian serpent (Snake:4)
  2 naga magi
  2 black mambas
  2 kobold demonologists (D:12)
  A rime drake (Lair:5)
  An unseen horror (shapeshifter) (D:13)
  4 yaktaurs (Vaults:1)
  2 komodo dragons
  2 slime creatures
  5 hornets
  2 bloated husks (Swamp:3)
  A tyrant leech (Lair:6)
  A blink frog (Lair:3)
  2 dream sheep (Lair:6)
  An elf skeleton (Vaults:2)
  2 fire elementals (Snake:1)
  27 yaks
  A vampire mosquito (D:13)
  A human simulacrum (Vaults:2)
  10 nagas
  5 swamp worms
  A water moccasin (Lair:5)
  An ice beast (D:6)
  2 ogres
  An orc warrior (Orc:1)
  3 boggarts (Vaults:1)
  A phantom (D:11)
  2 centaurs (Lair:4)
  A kobold brigand (D:12)
  A centaur zombie (D:6)
  3 orc priests (Orc:2)
  8 orc wizards
  An ogre zombie (D:11)
  15 orcs
  2 kobolds (D:12)
  A goblin zombie (D:11)
  3 orc zombies (D:11)
198 creatures vanquished.

Vanquished Creatures (others)
  A vault warden (Vaults:2)
  A dire elephant (Vaults:1)
  A naga warrior (Snake:4)
  A yaktaur captain (Vaults:1)
  A vault guard (D:13)
  An ironbound frostheart (Vaults:2)
  5 two-headed ogres
  A vampire mage (Vaults:2)
  A deep troll (Vaults:2)
  2 ugly things
  A will-o-the-wisp (Swamp:1)
  An eye of devastation (shapeshifter) (D:14)
  A yaktaur (Vaults:1)
  A bloated husk (Swamp:3)
  A troll (D:6)
  A hornet (Swamp:4)
  2 dream sheep (Lair:6)
  19 yaks
  A water elemental (Elf:1)
  Grum (D:9)
  A vampire mosquito (D:9)
  A swamp worm (Swamp:4)
  An orc warrior (Elf:1)
  A centaur (D:6)
  An orc priest (Orc:2)
  2 orcs
  2 foxfires (Swamp:1)
  38 fungi
  160 plants
  5 snaplasher vines
256 creatures vanquished.

Grand Total: 1565 creatures vanquished

Notes
Turn   | Place    | Note
-------+----------+-------------------------------------------
     0 | D:1      | pkoi the Demigod Air Elementalist began the quest for the
                  | Orb.
     0 | D:1      | Reached XP level 1. HP: 14/14 MP: 5/5
   494 | D:1      | Reached XP level 2. HP: 20/20 MP: 2/7
   998 | D:1      | Got Plato's Incunabulum of the Rocks
  1574 | D:2      | Noticed Terence
  2048 | D:2      | Reached XP level 3. HP: 16/26 MP: 1/8
  2649 | D:2      | Killed Terence
  3154 | D:3      | Reached XP level 4. HP: 33/33 MP: 5/9
  3439 | D:3      | Found Rorgh's Antique Weapon Shoppe.
  3712 | D:4      | Learned a level 3 spell: Swiftness
  3761 | D:4      | Reached skill level 5 in Air Magic
  3850 | D:4      | Found a sand-covered staircase.
  3855 | Ossuary  | Entered an ossuary
  5163 | Ossuary  | Noticed Menkaure
  5226 | Ossuary  | Killed Menkaure
  5227 | Ossuary  | Reached XP level 5. HP: 12/38 MP: 3/10
  6113 | Ossuary  | Reached skill level 1 in Conjurations
  6273 | D:4      | Noticed an ogre
  6273 | D:4      | Noticed an ogre
  6292 | D:3      | Reached XP level 6. HP: 15/45 MP: 11/11
  6515 | D:3      | Learned a level 4 spell: Airstrike
  7757 | D:4      | Reached XP level 7. HP: 44/50 MP: 9/14
  8358 | D:4      | Learned a level 3 spell: Call Canine Familiar
  8521 | D:5      | Entered Level 5 of the Dungeon
  8580 | D:5      | Reached skill level 1 in Summonings
  9069 | D:5      | Found a staircase to the Ecumenical Temple.
  9077 | Temple   | Entered the Ecumenical Temple
  9321 | D:5      | Noticed Sigmund
  9337 | D:5      | Killed Sigmund
  9340 | D:5      | Reached XP level 8. HP: 29/57 MP: 9/16
 10094 | D:5      | Learned a level 3 spell: Summon Guardian Golem
 10123 | D:5      | Noticed Pikel
 10148 | D:5      | Killed Pikel
 10324 | D:5      | Reached skill level 5 in Summonings
 10704 | D:5      | Reached XP level 9. HP: 62/62 MP: 6/19
 11330 | D:6      | Found Riufa's Weapon Shop.
 11440 | D:6      | Reached skill level 1 in Hexes
 11860 | D:6      | Reached skill level 1 in Fighting
 11860 | D:6      | Reached skill level 5 in Spellcasting
 13495 | D:7      | Noticed a two-headed ogre
 13513 | D:7      | Killed a two-headed ogre
 13514 | D:7      | Reached XP level 10. HP: 54/77 MP: 0/22
 14090 | D:7      | HP: 1/77 [komodo dragon (19)]
 14093 | D:7      | Reached skill level 10 in Air Magic
 14977 | D:7      | Learned a level 2 spell: Static Discharge
 16633 | D:8      | Reached skill level 5 in Fighting
 16750 | D:8      | Found a runed translucent door.
 16750 | D:8      | Noticed an ogre mage
 16751 | D:8      | Noticed Bearnado's ghost (novice MiBe)
 17064 | D:8      | Noticed Psyche
 17068 | D:8      | Killed Psyche
 17275 | D:8      | Found a staircase to the Lair.
 17565 | D:8      | Noticed a manticore
 17569 | D:8      | Killed a manticore
 18001 | D:8      | Noticed a cyclops
 18001 | D:8      | Noticed a centaur warrior
 18001 | D:8      | Noticed a tengu warrior
 18001 | D:8      | Noticed a two-headed ogre
 18136 | D:8      | Killed a two-headed ogre
 18137 | D:8      | Reached XP level 11. HP: 89/89 MP: 7/24
 18238 | D:8      | Killed a tengu warrior
 18412 | D:8      | Reached skill level 5 in Dodging
 18556 | D:8      | Killed a centaur warrior
 18789 | Lair:1   | Entered Level 1 of the Lair of Beasts
 18854 | Lair:1   | You fall into a shaft and drop 1 floor!
 19819 | Lair:1   | Noticed a four-headed hydra
 20127 | Lair:1   | Noticed a four-headed hydra
 20448 | D:9      | Found Guezeh's Antique Armour Emporium.
 20560 | D:9      | Noticed Maggie
 20647 | D:9      | Killed Maggie
 20814 | D:9      | Noticed a deep elf pyromancer
 20817 | D:9      | Killed a deep elf pyromancer
 21014 | D:9      | Noticed a two-headed ogre
 21018 | D:9      | Killed a two-headed ogre
 21251 | D:9      | Found a runed translucent door.
 21251 | D:9      | Noticed a stone giant
 21252 | D:9      | Noticed a seven-headed hydra
 21254 | D:9      | Found a runed translucent door.
 21254 | D:9      | Found a runed translucent door.
 21383 | D:9      | Noticed a centaur warrior
 21566 | D:9      | Bought a distressingly furry robe for 153 gold pieces
 21566 | D:9      | Identified the +2 robe "Veudett" {Contam Will+ Regen+
                  | Archmagi} (You bought it in a shop on level 9 of the
                  | Dungeon)
 21576 | D:9      | Bought a shiny helmet for 202 gold pieces
 22065 | D:9      | Noticed Harold
 22067 | D:9      | Noticed Grum
 22071 | D:9      | Killed Harold
 22085 | D:9      | Killed Grum
 22210 | D:9      | Identified the +6 rapier of Theory {drain, rC++ rN+ Str+2}
 22326 | D:9      | Killed a centaur warrior
 22327 | D:9      | Reached XP level 12. HP: 37/105 MP: 6/28
 22872 | D:9      | Got the Almanac of Enchantment and Fire
 22885 | D:9      | Reached skill level 1 in Unarmed Combat
 23067 | Lair:1   | Killed a four-headed hydra
 23219 | Lair:1   | Reached skill level 10 in Fighting
 23305 | Lair:1   | Noticed an anaconda
 23382 | Lair:1   | Reached skill level 2 in Unarmed Combat
 23982 | Lair:2   | Noticed an eight-headed hydra
 23993 | Lair:2   | Killed an eight-headed hydra
 24145 | Lair:2   | Learned a level 4 spell: Summon Lightning Spire
 24192 | Lair:2   | Noticed a four-headed hydra
 24201 | Lair:2   | Killed a four-headed hydra
 24418 | Lair:2   | Reached skill level 3 in Unarmed Combat
 24945 | D:3      | Bought a glimmering quarterstaff for 252 gold pieces
 24945 | D:3      | Identified the +9 quarterstaff of Ru's Regard {vorpal, rC+
                  | Int+6} (You bought it in a shop on level 3 of the Dungeon)
 25167 | D:10     | Entered Level 10 of the Dungeon
 25410 | D:10     | Noticed a centaur warrior
 25414 | D:10     | Killed a centaur warrior
 25867 | D:10     | Learned a level 7 spell: Storm Form
 26600 | D:11     | Reached skill level 4 in Unarmed Combat
 26751 | D:11     | Reached skill level 1 in Transmutations
 26859 | D:11     | Reached XP level 13. HP: 116/116 MP: 6/30
 27960 | D:11     | Found a staircase to the Orcish Mines.
 28250 | D:11     | Reached skill level 5 in Unarmed Combat
 28702 | D:11     | You fall into a shaft and drop 1 floor!
 30733 | D:11     | Reached skill level 6 in Unarmed Combat
 31711 | D:12     | Reached skill level 5 in Transmutations
 32788 | Lair:2   | Identified the +6 long sword "Qycemoy" {flame, *Noise Will+
                  | Int+4}
 32995 | Lair:2   | Noticed Nergalle
 33004 | Lair:2   | Killed Nergalle
 33486 | Lair:3   | Found the +4 skin of Zhor {*Englaciate rC+++ SInv}
 33915 | Lair:3   | Reached skill level 7 in Unarmed Combat
 34038 | Lair:3   | Found a staircase to the Snake Pit.
 35466 | Lair:4   | Reached XP level 14. HP: 126/126 MP: 14/31
 35691 | Lair:4   | Found a staircase to the Swamp.
 35937 | Lair:4   | Noticed Rupert
 35948 | Lair:4   | Killed Rupert
 36644 | Lair:5   | Reached skill level 8 in Unarmed Combat
 37542 | Lair:5   | Found a runed translucent door.
 37545 | Lair:5   | Identified the +1 leather armour "Wycehirch" {rC+ Regen+}
 37548 | Lair:5   | Found a staircase to the Slime Pits.
 38143 | Lair:6   | Entered Level 6 of the Lair of Beasts
 38947 | Lair:6   | Reached skill level 9 in Unarmed Combat
 39541 | Lair:6   | Found a runed translucent door.
 39755 | Lair:6   | Reached skill level 10 in Dodging
 41611 | D:13     | Found a gate to the Vaults.
 41850 | D:13     | Reached skill level 10 in Unarmed Combat
 42663 | Orc:1    | Entered Level 1 of the Orcish Mines
 42809 | Orc:1    | Found Qiano's Antique Weapon Shop.
 42934 | Orc:1    | Bought a scorched quarterstaff for 297 gold pieces
 42934 | Orc:1    | Identified the +10 quarterstaff of Tenacity {elec, *Noise
                  | rC++ Str+4} (You bought it in a shop on level 1 of the
                  | Orcish Mines)
 43306 | Orc:2    | Entered Level 2 of the Orcish Mines
 43306 | Orc:2    | Found a staircase to the Elven Halls.
 43463 | Orc:2    | Noticed Snorg
 43469 | Orc:2    | Killed Snorg
 43630 | Orc:2    | Reached XP level 15. HP: 132/132 MP: 20/32
 43718 | Orc:2    | Noticed Saint Roka
 43735 | Orc:2    | Killed Saint Roka
 43736 | Orc:2    | Reached skill level 10 in Transmutations
 44700 | Orc:2    | Reached skill level 11 in Unarmed Combat
 45340 | Orc:2    | Found Itysos's Book Emporium.
 45363 | Orc:2    | Found Bemige Iraur's Antique Armour Emporium.
 45378 | Orc:2    | Found Tayzaboa's Antique Weapon Emporium.
 45380 | Orc:2    | Found Qeulimonn's General Store.
 45901 | Elf:1    | Entered Level 1 of the Elven Halls
 46893 | Swamp:1  | Entered Level 1 of the Swamp
 46893 | Swamp:1  | Noticed a fenstrider witch
 46906 | Lair:4   | Killed a fenstrider witch
 48588 | Swamp:2  | Identified the +1 cloak of the Swamp {Int-4 Dex+4}
 49241 | D:14     | Reached skill level 12 in Unarmed Combat
 50416 | D:15     | Entered Level 15 of the Dungeon
 50699 | D:15     | Reached XP level 16. HP: 137/139 MP: 34/34
 50918 | D:15     | Found a staircase to the Depths.
 51150 | D:15     | Noticed Roxanne
 51621 | D:15     | Reached skill level 13 in Unarmed Combat
 52058 | D:15     | Found a portal to a secret trove of treasure.
 52504 | Orc:2    | Bought a Fen Folio for 420 gold pieces
 52510 | Orc:2    | Learned a level 5 spell: Summon Forest
 53050 | Swamp:2  | Reached skill level 1 in Translocations
 53657 | Swamp:2  | Identified the +5 trident of Extinguishment {vorpal, Will+}
 54128 | Swamp:3  | Noticed Jorgrun
 54138 | Swamp:3  | Killed Jorgrun
 55942 | Swamp:4  | Entered Level 4 of the Swamp
 56141 | Swamp:4  | Identified the +1 ring mail of Xaib {Str+4}
 56471 | Swamp:4  | Reached skill level 14 in Unarmed Combat
 56652 | Swamp:4  | Identified the +1 chain mail "Zaomp" {rC- Regen+ rCorr
                  | Stlth+}
 56752 | Swamp:4  | Reached skill level 5 in Translocations
 57528 | Swamp:4  | Noticed the 27-headed Lernaean hydra
 58171 | Snake:1  | Entered Level 1 of the Snake Pit
 58190 | Snake:1  | Noticed Azrael
 58289 | Lair:3   | Killed Azrael
 58290 | Lair:3   | Reached XP level 17. HP: 101/146 MP: 35/35
 58892 | Snake:1  | Noticed Nikola
 58909 | Snake:1  | Killed Nikola
 59166 | Snake:1  | Found Plog's Antique Armour Boutique.
 59186 | Snake:1  | Bought a pair of runed boots for 210 gold pieces
 59186 | Snake:1  | Bought a glowing cloak for 210 gold pieces
 59268 | Snake:1  | Noticed Aizul
 59281 | Snake:1  | Killed Aizul
 59440 | Snake:1  | Noticed Louise
 59457 | Snake:1  | Killed Louise
 59458 | Snake:1  | Reached skill level 1 in Evocations
 59666 | Snake:2  | Noticed Asterion
 59667 | Snake:2  | Noticed Vashnia
 59891 | Snake:2  | Got Tuvyda's Collected Works on Execration and the Birds
 60815 | Snake:2  | Reached skill level 15 in Unarmed Combat
 61252 | Snake:2  | Killed Asterion
 63140 | Snake:4  | Entered Level 4 of the Snake Pit
 64034 | Snake:4  | Noticed Agnes
 64039 | Snake:4  | Killed Agnes
 64045 | Snake:4  | Identified a scroll of acquirement
 64225 | Snake:4  | Reached skill level 5 in Stealth
 64636 | Snake:4  | Found Ixoqao's Magic Scroll Boutique.
 64646 | Snake:4  | Bought a scroll of brand weapon for 300 gold pieces
 65038 | Snake:4  | Found Taowaisch's Antique Armour Emporium.
 65183 | Snake:4  | Reached skill level 5 in Evocations
 65369 | Snake:4  | Reached XP level 18. HP: 145/155 MP: 26/36
 66341 | Snake:4  | Got a serpentine rune of Zot
 66792 | Snake:4  | Found Lokonuce's Weapon Boutique.
 67629 | Swamp:4  | Killed the 27-headed Lernaean hydra
 68181 | Swamp:4  | Got a decaying rune of Zot
 68655 | D:8      | Killed Bearnado's ghost
 68901 | Vaults:1 | Entered Level 1 of the Vaults
 68945 | Vaults:1 | Reached skill level 10 in Spellcasting
 70482 | Vaults:1 | Reached skill level 5 in Conjurations
 71966 | Vaults:2 | Reached XP level 19. HP: 165/165 MP: 38/38
 73870 | Vaults:2 | Found a staircase to the Crypt.
 74281 | Vaults:3 | Reached skill level 16 in Unarmed Combat
 74793 | Vaults:3 | Found the macabre finger necklace {rN+}
 75379 | Snake:4  | Bought a pair of embroidered boots for 210 gold pieces
 75946 | Vaults:3 | Killed from afar by a deep elf sorcerer

Illustrated notes

Levels and vault maps discovered:
D:1:      erik_arrival_triangle_huge, layout_loops_ring,
          shapermc_ecumenical_altar_rom_forum
D:2:      layout_loops_ring, basic_altar, grunt_ministairs_11,
          chequers_serial_rivers_room_a, chequers_decorated_corner,
          minmay_crystal_room, minmay_3d_cube, uniq_terence
D:3:      layout_basic, serial_shops, shop
D:4:      layout_layer_cave, enter_ossuary_5, amcnicky_mini_pool_small,
          st_stairs_1, minmay_crossroads
D:5:      minmay_polygon_palace, layout_loops_cross,
          minmay_temple_entry_slanted, serial_aquarium, aquarium_bridge_square
          [aquarium_subvault_wall, aquarium_subvault_wall,
          aquarium_subvault_bridge, aquarium_subvault_bridge],
          aquarium_window_2, aquarium_window_2, aquarium_view_2b,
          aquarium_view_2e, aquarium_pool_1, uniq_pikel, uniq_sigmund
D:6:      layout_rooms, serial_shops, nicolae_square_shop, minmay_manual_mares
D:7:      layout_cave_pods, minmay_lizard_king
D:8:      layout_rooms, nicolae_overflow_hidden_temple, minmay_lair_entry_grove,
          ebering_ghost_inner_flame, minmay_shattered_shrine, uniq_psyche
D:9:      minmay_the_grid_triangle_9x9_rhombus_thin
          [minmay_the_grid_triangle_9x9_descending_squares,
          minmay_the_grid_triangle_9x9_prize_schism,
          minmay_the_grid_triangle_9x9_checkered,
          minmay_the_grid_triangle_9x9_fully_insulated_deathbox],
          layout_stronghold, mainiacjoe_overflow_boulevard, enter_bailey_8,
          serial_shops, nicolae_inconvenience_store, uniq_grum, uniq_harold,
          uniq_maggie
D:10:     layout_cave_pools
D:11:     layout_irregular_city, zombieorc2_lemuel
D:12:     kennysheep_room_grid, layout_loops_corners, fedhas_altar_4
D:13:     layout_rooms, lightli_vaults_fourway_checkpoint
D:14:     layout_cave_pools, grunt_decor_cap
D:15:     gammafunk_enter_depths_forms, layout_irregular_city,
          nicolae_trove_entry_isolated, grunt_ministairs_3, uniq_roxanne
Temple:   regret_index_temple_mists
Lair:1:   layout_roguey, nicolae_lair_lakeside_cave
Lair:2:   layout_roguey, grunt_megastairs_5, lemuel_fruit_fields, uniq_nergalle
Lair:3:   layout_chaotic_city, hellmonk_guarded_unrand_zhor,
          serial_bayou_shore_a
Lair:4:   layout_cave_pods, palyth_hydra_swamp_entry, lemuel_centaur_altar,
          uniq_rupert
Lair:5:   layout_hall_layers, slime_altar_2, beast_lair_carwin_11,
          grunt_megastairs_1, lemuel_fruit_tree
Lair:6:   wormcave, layout_gridlike, serial_forest, infiniplex_forest_side_room,
          infiniplex_forest_end_2, infiniplex_forest_clump_medium,
          infiniplex_forest_lined_room_, infiniplex_forest_clump_long,
          infiniplex_forest_3_way
Swamp:1:  layout_basic_swamp, nicolae_swamp_very_dense_foliage,
          nicolae_swamp_alligator_family
Swamp:2:  layout_basic_swamp, evilmike_swamp_ruin_house_2
Swamp:3:  layout_basic_swamp, evilmike_swamp_ruin_rubble_2, swamp_pool5,
          nicolae_swamp_catching_bugs, uniq_jorgrun
Swamp:4:  swamp_old_school, layout_basic_swamp
Snake:1:  layout_cave_shapes, basic_altar, serial_shops,
          nicolae_shop_waterfront, uniq_aizul, uniq_nikola, uniq_louise,
          uniq_azrael
Snake:2:  cheibrodos_snake_lava_hold, layout_misc_corridors, grunt_ministairs_6,
          uniq_asterion, uniq_vashnia
Snake:3:  layout_rooms, nicolae_snake_gridmaze_big_u
Snake:4:  grunt_snake_rune_spirals, layout_onion, serial_shops, shop_statue,
          shop, shop, uniq_agnes
Orc:1:    layout_caves, serial_shops, nicolae_shop_crystal
Orc:2:    grunt_orc_cross, layout_caves, special_room, basic_altar, uniq_snorg
Elf:1:    mu_elemental_laboratory, layout_gridlike, serial_corexii_hall,
          corexii_hall_statues_t, chequers_hall_statues_y, orc_legates
Vaults:1: ontoclasm_vaults_twist, nicolae_vaults_arrows,
          nicolae_vaults_network_star, v_rooms_6, st_star,
          ontoclasm_vaults_gateway, nicolae_vaults_shelves_hall,
          layout_vaults_chaotic_city
Vaults:2: grunt_vaults_hallway_long, v_pattern_2, grunt_vaults_swirl,
          minmay_crypt_entry_simple_statues, v_rooms_5,
          nicolae_vaults_border_crossing, v_rooms_6, v_misc_32,
          vaults_room_grid, layout_vaults_omnigrid
Vaults:3: nicolae_vaults_puzzle_piece, v_misc_4, hangedman_vaults_unwind,
          v_misc_15, st_spiral_rooms, nicolae_vaults_ring_of_whatevers,
          vaults_mumra_lcd, v_rooms_4, v_misc_22, nicolae_vaults_alarming,
          v_misc_3, v_misc_15, vaults_dpeg_ring,
          nicolae_vaults_little_squares_2, layout_vaults_omnibox

Skill      XL: |  1  2  3  4  5  6  7  8  9 10 11 12 13 14 15 16 17 18 19 |
---------------+----------------------------------------------------------+-----
Air Magic      | 3 4 6 7 8 9 10 11 12 13 14 | 14.7
Conjurations   | 1 2 5 6 |  6.8
Spellcasting   | 3 4 5 6 8 9 10 11 | 11.1
Summonings     | 3 5 6 7 |  7.0
Hexes          | 2 4 |  4.0
Fighting       | 3 6 9 11 12 13 | 13.9
Dodging        | 3 4 6 8 9 10 11 12 13 | 13.7
Unarmed Combat | 4 7 10 12 14 15 16 | 16.0
Transmutations | 1 6 9 11 | 11.9
Translocations | 6 7 |  7.0
Stealth        | 6 |  6.0
Evocations     | 5 6 |  6.0

Action                   |  1- 3 |  4- 6 |  7- 9 | 10-12 | 13-15 | 16-18 | 19-21 || total
-------------------------+-------+-------+-------+-------+-------+-------+-------++-------
Melee: Dagger            |    31 |    25 |    27 |    85 |       |       |       ||   168
       Punch             |       |       |       |     2 |     4 |    67 |    23 ||    96
       Quarterstaff      |       |       |       |    19 |    86 |     1 |       ||   106
       Rapier            |       |       |       |    16 |       |       |       ||    16
       Unarmed           |       |       |       |       |   173 |   498 |   173 ||   844
 Cast: Shock             |    77 |   231 |    91 |    14 |       |       |       ||   413
       Airstrike         |       |     3 |    63 |   336 |   647 |   426 |    19 ||  1494
       Summon Guardian G |       |       |    11 |    27 |    47 |    56 |     7 ||   148
       Call Canine Famil |       |       |     6 |     8 |     5 |     7 |       ||    26
       Swiftness         |       |       |       |     2 |       |       |       ||     2
       Static Discharge  |       |       |       |     3 |     3 |       |       ||     6
       Summon Lightning  |       |       |       |     7 |    65 |    84 |    23 ||   179
       Storm Form        |       |       |       |       |    24 |   125 |    23 ||   172
       Summon Forest     |       |       |       |       |       |    30 |       ||    30
Evoke: Wand              |       |       |       |     9 |       |       |       ||     9
  Use: Scroll            |       |    14 |       |     8 |     3 |     3 |       ||    28
       Potion            |       |       |       |     8 |       |       |       ||     8
 Stab: Sleeping          |       |       |     1 |     1 |       |     2 |     1 ||     5
       Paralysed         |       |       |       |     8 |       |       |       ||     8
       Distracted        |       |       |       |     1 |     9 |    18 |     3 ||    31
Armor: Robe              |     9 |     8 |     5 |    49 |    40 |     7 |       ||   118
       Skin              |       |       |       |       |    35 |   178 |    26 ||   239
Dodge: Dodged            |    39 |    39 |    41 |   167 |   398 |   729 |   113 ||  1526
